Map: Beckett Industries LE

Players

ViBE - Winner!

  • Race: Protoss Protoss
  • League: Diamond

meaningless

  • Race: Terran Terran
  • League: Diamond

VOD

Have the link to the VOD?

Description

Time

  • Played on: April 12, 2021, 5:24 a.m.
  • Length: 13:52
Show
View Real Time Build Order
Export as new Build Order

ViBE Protoss - Winner!

Build Orders: 1 Gate Expand, Colossus Rush 

Get SALT Encoding   

  12  0:00  Probe  
  13  0:12  Probe  
  14  0:22  Pylon  
  14  0:26  Probe  
  15  0:43  Gateway, Probe  
  16  0:57  Probe (Chrono Boost)  
  16  1:02  Assimilator  
  17  1:09  Probe (Chrono Boost)  
  18  1:17  Probe (Chrono Boost)  
  19  1:29  Probe  
  20  1:35  Nexus  
  20  1:37  Cybernetics Core  
  20  1:42  Probe  
  21  1:54  Probe  
  21  1:56  Assimilator  
  21  1:59  Pylon  
  22  2:06  Probe  
  23  2:14  Stalker (Chrono Boost)  
  23  2:15  Warp Gate  
  23  2:18  Probe  
  26  2:30  Probe (Chrono Boost)  
  26  2:37  Sentry  
  26  2:42  Pylon  
  26  2:43  Probe (Chrono Boost)  
  28  2:50  Probe (Chrono Boost)  
  30  2:51  Probe (Chrono Boost)  
  30  2:57  Probe (Chrono Boost)  
  32  3:00  Probe (Chrono Boost)  
  32  3:02  Probe (Chrono Boost)  
  32  3:04  Shield Battery  
  33  3:07  Pylon  
  33  3:09  Probe  
  34  3:12  Stalker  
  34  3:14  Probe  
  37  3:21  Probe  
  37  3:26  Probe  
  39  3:28  Robotics Facility  
  39  3:31  Gateway  
  39  3:36  Probe  
  39  3:38  Probe  
  41  3:48  Probe  
  41  3:50  Probe  
  41  3:52  Pylon  
  43  4:01  Probe  
  44  4:03  Probe  
  45  4:10  Stalker  
  47  4:18  Robotics Bay  
  47  4:20  Observer  
  48  4:25  Stalker  
  48  4:26  Assimilator  
  48  4:28  Assimilator  
  50  4:35  Stalker  
  50  4:37  Probe (Chrono Boost)  
  50  4:38  Probe (Chrono Boost)  
  54  4:41  Nexus  
  54  4:42  Pylon  
  54  4:50  Probe x2 (Chrono Boost)  
  56  4:56  Stalker  
  56  4:58  Stalker  
  60  5:04  Colossus  
  60  5:06  Probe x2  
  67  5:18  Probe x2  
  69  5:27  Stalker, Pylon  
  69  5:28  Stalker  
  73  5:30  Probe, Pylon  
  73  5:31  Probe  
  75  5:35  Extended Thermal Lance  
  75  5:43  Probe x2  
  75  5:46  Pylon  
  75  5:49  Pylon  
  77  5:52  Stalker x2  
  77  5:54  Probe, Pylon  
  77  5:55  Probe x2  
  84  6:01  Colossus  
  88  6:06  Probe (Chrono Boost)  
  88  6:10  Probe x2 (Chrono Boost)  
  81  6:17  Shield Battery  
  82  6:18  Probe (Chrono Boost)  
  82  6:20  Assimilator  
  82  6:22  Assimilator, Probe (Chrono Boost)  
  82  6:23  Stalker x2, Probe (Chrono Boost)  
  88  6:27  Probe (Chrono Boost)  
  88  6:28  Probe (Chrono Boost)  
  88  6:30  Probe (Chrono Boost)  
  88  6:32  Probe  
  91  6:36  Probe  
  93  6:40  Probe  
  93  6:44  Probe  
  95  6:48  Probe  
  95  6:52  Forge  
  95  6:53  Forge, Probe  
  97  6:56  Twilight Council, Probe  
  97  6:59  Colossus  
  97  7:01  Probe  
  105  7:04  Stalker x2  
  105  7:05  Probe  
  110  7:09  Probe  
  110  7:10  Protoss Ground Armor Level 1 (Chrono Boost), Protoss Ground Weapons Level 1 (Chrono Boost)  
  110  7:13  Probe  
  112  7:17  Probe  
  112  7:21  Probe  
  114  7:24  Nexus  
  114  7:27  Pylon  
  114  7:28  Probe  
  114  7:29  Probe  
  116  7:30  Pylon  
  116  7:32  Blink (Chrono Boost)  
  116  7:34  Templar Archives  
  116  7:41  Gateway  
  116  7:43  Gateway  
  116  7:47  Stalker x2  
  120  7:56  Probe x3  
  111  8:13  Stalker x2  
  111  8:14  Colossus  
  117  8:33  Probe x3  
  120  8:34  Pylon  
  120  8:37  Probe  
  121  8:45  Gateway, Probe x3  
  121  8:47  Gateway  
  124  8:49  Probe  
  124  8:50  Gateway  
  124  8:51  Gateway  
  124  8:55  Gateway  
  125  8:56  Gateway  
  125  9:01  Pylon  
  125  9:05  High Templar x4  
  125  9:06  Pylon  
  133  9:10  Archon x2  
  133  9:13  Pylon  
  133  9:18  Assimilator, Pylon  
  133  9:19  Assimilator  
  133  9:23  Charge (Chrono Boost)  
  129  9:25  Pylon  
  129  9:31  Pylon  
  111  9:38  Pylon  
  109  9:40  Nexus  
  109  9:41  Stalker x4, Colossus  
  117  9:52  Zealot  
  109  9:53  Zealot x5  
  119  10:05  Probe x2  
  121  10:09  Pylon  
  121  10:14  High Templar x7  
  121  10:17  Nexus  
  121  10:20  Pylon  
  135  10:22  High Templar  
  135  10:23  Archon x3, Pylon  
  135  10:26  Archon, Zealot  
  135  10:27  Zealot  
  141  10:30  Protoss Ground Weapons Level 2 (Chrono Boost)  
  141  10:35  Protoss Ground Armor Level 2 (Chrono Boost)  
  138  10:58  Photon Cannon  
  138  10:59  Photon Cannon  
  138  11:00  Photon Cannon  
  138  11:02  Photon Cannon, Shield Battery  
  138  11:03  Shield Battery  
  130  11:04  Photon Cannon  
  130  11:07  Photon Cannon  
  130  11:09  Shield Battery, High Templar x2, Zealot x2  
  138  11:11  Zealot  
  140  11:20  Archon  
  140  11:23  Zealot x4  
  148  11:33  Colossus  
  148  11:37  Zealot  
  148  11:38  Zealot x2  
  154  11:58  Zealot  
  154  11:59  Zealot x8  
  172  12:04  Nexus  
  172  12:07  Photon Cannon  
  172  12:10  Photon Cannon  
  172  12:13  Shield Battery  
  172  12:14  Pylon  
  172  12:19  High Templar x9  
  190  12:23  Archon x3  
  190  12:24  Archon  
  190  12:34  Probe  
  190  12:35  Probe x2  
  193  12:46  Probe, Zealot  
  196  12:54  Zealot  
  196  12:55  Zealot  
  184  13:26  Zealot x5  
  184  13:27  Zealot x5  
  175  13:47  Zealot x3  
  175  13:48  Zealot x7  
Show
View Real Time Build Order
Export as new Build Order

meaningless Terran 

Build Orders: Reaper Expand 

Get SALT Encoding   

  12  0:00  SCV  
  13  0:13  SCV  
  14  0:20  Supply Depot  
  14  0:25  SCV  
  15  0:42  SCV, Barracks  
  16  0:46  Refinery  
  16  0:54  SCV  
  17  1:06  SCV  
  18  1:18  SCV  
  19  1:30  Orbital Command  
  19  1:31  Reaper  
  20  1:43  Command Center  
  20  1:54  Supply Depot  
  20  1:56  Supply Depot  
  20  2:01  SCV  
  21  2:08  Barracks Tech Lab  
  21  2:14  SCV  
  22  2:17  Barracks  
  22  2:20  Refinery  
  22  2:26  SCV  
  23  2:34  Concussive Shells  
  23  2:35  Marauder  
  25  2:38  SCV  
  26  2:50  SCV  
  27  2:54  Orbital Command  
  29  2:58  Marauder  
  29  3:02  SCV  
  29  3:05  Barracks Reactor  
  30  3:09  Factory  
  30  3:13  Orbital Command  
  30  3:14  SCV  
  31  3:20  Marine  
  32  3:27  Stimpack  
  32  3:31  SCV  
  33  3:37  Refinery  
  33  3:38  Engineering Bay  
  33  3:39  Marine  
  34  3:42  SCV  
  34  3:43  SCV  
  36  3:54  Starport  
  36  3:55  SCV, Factory Reactor  
  37  3:59  SCV  
  38  4:07  SCV  
  37  4:13  SCV  
  37  4:17  Marine x3  
  36  4:19  SCV  
  36  4:23  Barracks  
  40  4:25  SCV  
  40  4:30  Terran Infantry Weapons Level 1, Supply Depot  
  40  4:31  SCV  
  42  4:36  Marine  
  42  4:37  Marine x2  
  45  4:41  Factory Reactor  
  45  4:46  SCV  
  45  4:51  SCV  
  47  4:54  Marine  
  47  4:56  Medivac x2  
  47  4:58  Marine, SCV  
  47  4:59  Marine  
  55  5:03  SCV  
  56  5:10  SCV  
  56  5:12  Marine  
  58  5:15  Barracks Reactor  
  58  5:16  Marine  
  58  5:22  Command Center  
  58  5:25  Supply Depot  
  58  5:32  Marine x2  
  58  5:33  SCV  
  58  5:34  Marine  
  62  5:38  Combat Shield  
  62  5:42  Supply Depot  
  62  5:43  SCV  
  62  5:48  Widow Mine  
  67  5:50  Marine x2, Widow Mine  
  67  5:52  Marine  
  70  6:01  Marine x2  
  72  6:08  Marine x2  
  72  6:10  Marine  
  64  6:13  Medivac x2  
  64  6:15  SCV x2  
  68  6:19  Marine x2  
  68  6:20  Supply Depot  
  68  6:21  Factory Tech Lab, Supply Depot  
  68  6:24  Refinery  
  70  6:25  Marine  
  70  6:26  Marauder  
  70  6:27  Marine, SCV x2  
  76  6:37  Marine x2  
  76  6:39  SCV  
  80  6:42  Siege Tank  
  80  6:43  Marine  
  80  6:45  Marine  
  80  6:46  Orbital Command  
  84  6:47  Marine  
  85  6:55  Marine x2  
  85  6:56  Viking  
  89  7:01  Marine, Viking  
  89  7:04  Marine  
  89  7:05  Marine  
  94  7:13  Marine x2  
  94  7:15  Siege Tank  
  99  7:19  Marine  
  100  7:24  Missile Turret  
  100  7:29  Orbital Command  
  100  7:33  Missile Turret  
  100  7:35  Marine x3, Marauder  
  105  7:37  Marine  
  106  7:53  Marine x2  
  106  7:56  Marauder  
  100  8:06  Marine x2  
  100  8:10  Marine x2  
  100  8:11  Siege Tank  
  100  8:12  Viking  
  99  8:13  SCV x3  
  99  8:18  Marauder  
  104  8:24  Marine x2  
  94  8:28  Marine  
  94  8:29  Marine  
  94  8:33  Barracks  
  94  8:34  Terran Infantry Armor Level 1, Engineering Bay  
  96  8:35  Barracks  
  96  8:36  Armory  
  96  8:39  Marauder  
  98  8:42  Marine x2  
  98  8:43  Siege Tank  
  98  8:46  Marine, Medivac x2  
  98  8:47  Marine  
  98  8:48  SCV x3  
  112  8:59  Marine  
  112  9:00  Marine, SCV x3  
  112  9:01  Bunker  
  117  9:06  Supply Depot  
  117  9:07  Supply Depot  
  117  9:09  Supply Depot  
  117  9:21  Marine, SCV x2  
  117  9:22  Marine x2  
  113  9:24  Marine  
  113  9:25  Marine x4  
  88  9:39  Marine  
  88  9:40  Marine  
  88  9:41  Marauder  
  88  9:42  Marine  
  88  9:43  Marine x3  
  91  9:46  Marine  
  91  9:48  Siege Tank  
  91  9:49  Viking x2  
  89  9:57  Marine  
  89  9:58  Marine  
  90  10:00  Marine x3  
  90  10:01  Marine  
  90  10:02  Marauder  
  90  10:04  Marine  
  97  10:07  Terran Infantry Weapons Level 2  
  97  10:15  Marine  
  97  10:16  Marine  
  97  10:18  Marine x4  
  97  10:19  Viking x2  
  97  10:20  Siege Tank  
  110  10:22  Marine  
  110  10:23  Marauder  
  113  10:32  Marine  
  114  10:35  Marine  
  114  10:36  Marine x3  
  118  10:45  Marauder  
  118  10:49  Viking x2  
  114  10:52  Siege Tank  
  114  10:54  Marine  
  114  10:55  Marine x5  
  117  11:06  Marauder  
  119  11:13  Marine x2  
  119  11:14  Marine x5  
  126  11:19  Medivac x2  
  126  11:21  Command Center  
  126  11:23  Command Center  
  130  11:27  Marauder  
  130  11:31  Marine x3  
  130  11:32  Marine x4  
  117  11:48  Marine  
  117  11:49  Marine x4  
  117  11:50  Marine x3  
  93  11:54  Siege Tank  
  93  11:56  Medivac  
  93  11:58  Medivac  
  98  12:02  SCV  
  98  12:03  SCV x2  
  98  12:06  Marine  
  98  12:07  Marine x5  
  107  12:15  Marine x2  
  109  12:19  SCV  
  110  12:24  Marine  
  110  12:25  Marine x4  
  110  12:26  Siege Tank  
  118  12:33  Marine x3  
  118  12:34  Factory  
  121  12:38  SCV  
  121  12:39  SCV x3  
  121  12:42  Marine x2  
  121  12:43  Marine x2  
  129  12:52  Sensor Tower  
  129  12:55  Missile Turret  
  129  12:56  Viking x2  
  129  12:57  Marine x4  
  137  12:58  Siege Tank  
  137  13:00  Marine x3  
  137  13:01  Marine  
  101  13:21  Marine x2  
  101  13:22  Marine  
  101  13:23  Marine x5  
Tags
 
Add a new tag
Caveats
  • Supply blocks, unpowered buildings, or Contaminate may cause inaccurate times.
  • Supply counts are checked every 10 seconds.